 Dungeon Crawl Stone Soup version 0.28.0-53-g5a82cb258f (webtiles) character file.

Game seed: 12033001956170572587

331 Gabide the Skirmisher (level 6, -3/40 HPs)
             Began as a Gargoyle Monk on Aug 23, 2022.
             Slain by an ogre
             ... wielding a +0 giant club
              (13 damage)
             ... on level 4 of the Dungeon.
             The game lasted 00:07:54 (3547 turns).

Gabide the Skirmisher (Gargoyle Monk)               Turns: 3547, Time: 00:07:55

Health: -3/40      AC:  7    Str: 14    XL:     6   Next: 52%
Magic:  6/6        EV: 16    Int: 13    God:
Gold:   44         SH:  0    Dex: 12    Spells: 5/5 levels left

rFire   . . .      SeeInvis .   a - +0 morningstar
rCold   . . .      Faith    .   (no shield)
rNeg    + . .      Spirit   .   d - +0 robe
rPois   ∞          Reflect  .   (no helmet)
rElec   +          Harm     .   (no cloak)
rCorr   .          Rampage  .   (no gloves)
Will    .....                   q - +0 pair of boots
Stlth   ++........              (no amulet)
HPRegen 0.13/turn               e - +4 ring of evasion
MPRegen 0.10/turn               (no ring)

@: no status effects
A: sickness immunity, AC +4, negative energy resistance 1, electricity
resistance, torment resistance 1, petrification resistance
a: no special abilities


You were on level 4 of the Dungeon.
You visited 1 branch of the dungeon, and saw 4 of its levels.

You collected 61 gold pieces.
You spent 17 gold pieces at shops.

Inventory:

Hand Weapons
 a - a +0 morningstar (weapon)
 b - a +0 hunting sling
Missiles
 c - 9 poisoned darts (quivered)
 l - 68 stones
Armour
 d - a +0 robe (worn)
 q - a +0 pair of boots (worn)
Magical Staves
 k - a staff of cold
Jewellery
 e - a +4 ring of evasion (left hand)
 g - an amulet of regeneration
 p - an amulet of faith
Scrolls
 j - a scroll of acquirement {unknown}
 n - a scroll of blinking {unknown}
 o - a scroll of teleportation {unknown}
Potions
 f - a potion of heal wounds
 h - a potion of magic
 m - a potion of ambrosia
 r - a potion of resistance {unknown}
 s - a potion of haste {unknown}


   Skills:
 * Level 5.4 Fighting
 * Level 5.2 Maces & Flails
 - Level 3.0 Dodging
 - Level 3.0 Stealth


You had 5 spell levels left.
You didn't know any spells.
Your spell library was empty.

Dungeon Overview and Level Annotations

Branches:
Dungeon (4/15)
 Temple: D:4-7

Altars:
Cheibriados

Shops:
D:2 *


Innate Abilities, Weirdness & Mutations

You are immune to sickness and miasma.
Your stone body is resilient. (AC +4)
You are immune to poison.
You resist negative energy. (rN+)
You are resistant to electric shocks. (rElec)
You are resistant to unholy torment.
You are immune to petrification.


Message History

The ogre is lightly wounded.
You shoot a stone.
The stone hits the ogre but does no damage.
The ogre is lightly wounded.
You shoot a stone.
The stone hits the ogre but does no damage.
The ogre is lightly wounded.
a - a +0 morningstar (weapon)
The ogre barely misses you.
You hit the ogre.
The ogre is lightly wounded.
The ogre misses you.
You closely miss the ogre.
The ogre is lightly wounded.
The ogre misses you.
You hit the ogre.
The ogre is moderately wounded.
The ogre hits you with a +0 giant club!!
You puncture the ogre!
The ogre is heavily wounded.
The ogre misses you.
You hit the ogre.
The ogre is severely wounded.
You barely miss the ogre.
The ogre is severely wounded.
The ogre misses you.
You barely miss the ogre.
The ogre is severely wounded.
The ogre misses you.
You barely miss the ogre.
The ogre is severely wounded.
The ogre hits you with a +0 giant club!
* * * LOW HITPOINT WARNING * * *
You hit the ogre but do no damage.
The ogre is severely wounded.
The ogre barely misses you.
You closely miss the ogre.
The ogre is severely wounded.
The ogre hits you with a +0 giant club!
You die...

...$.......#..
............. ....
##........... .....
............# .....
...........<##....#
.......#...##....
..).......#....#
##..##...#.##.# ##..#
#....@#.....#.# ....
.......O......#.## #..#
.......(....#....## #..#
...##...(####.....###..#
#. ......#.............#
# .....(#..............
..###..(.............<
#.. ##.###....(....... .
#.............


You could see an ogre.

Vanquished Creatures
  A necrophage (D:1)
  A phantom (D:3)
  An orc wizard (D:1)
  A howler monkey skeleton (D:3)
  5 adders
  2 worms
  2 dart slugs
  7 orcs
  2 endoplasms (D:1)
  4 giant cockroaches
  7 goblins
  5 hobgoblins
  3 jackals
  4 quokkas
  8 ball pythons
  6 bats
  4 frilled lizards
  4 kobolds
  4 rats
71 creatures vanquished.

Notes
Turn   | Place    | Note
-------+----------+-------------------------------------------
     0 | D:1      | Gabide the Gargoyle Monk began the quest for the Orb.
     0 | D:1      | Reached XP level 1. HP: 14/14 MP: 1/1
   139 | D:1      | Found a faded altar of an unknown god.
   258 | D:1      | Reached XP level 2. HP: 19/19 MP: 2/2
   702 | D:1      | Reached XP level 3. HP: 18/24 MP: 3/3
  1493 | D:2      | Noticed a necrophage
  1528 | D:1      | Killed a necrophage
  1529 | D:1      | Reached XP level 4. HP: 26/29 MP: 4/4
  1529 | D:1      | Reached XP level 5. HP: 30/33 MP: 5/5
  1887 | D:2      | Found a snail-covered altar of Cheibriados.
  1934 | D:2      | Found Lecodao's General Store.
  1960 | D:2      | Bought 17 stones for 17 gold pieces
  2390 | D:3      | Noticed a phantom
  2405 | D:3      | Killed a phantom
  2406 | D:3      | Reached skill level 5 in Fighting
  2406 | D:3      | Reached XP level 6. HP: 33/40 MP: 6/6
  2615 | D:3      | Reached skill level 5 in Maces & Flails
  3547 | D:4      | Slain by an ogre

Illustrated notes

Levels and vault maps discovered:
D:1:      amcnicky_arrival_abandoned_market, layout_loops_ring,
          shapermc_ecumenical_altar_ellora
D:2:      kennysheep_big_flooded_room, layout_rooms, basic_altar, serial_shops,
          nicolae_shop_behind_doors, serial_rivers,
          chequers_serial_rivers_micro_c, chequers_serial_rivers_micro_a,
          chequers_serial_rivers_room_a, chequers_serial_rivers_micro_e
D:3:      layout_basic
D:4:      layout_cave_pools, hangedman_decor_points

Skill      XL: |  1  2  3  4  5  6 |
---------------+-------------------+-----
Fighting       | 4 5 |  5.4
Maces & Flails | 4 5 |  5.2
Dodging        | 3 |  3.0
Stealth        | 3 |  3.0

Action                   |  1- 3 |  4- 6 || total
-------------------------+-------+-------++-------
Melee: Mace              |    96 |    51 ||   147
       Punch             |     4 |     3 ||     7
       Morningstar       |       |    79 ||    79
 Fire: Hunting sling     |       |    58 ||    58
  Use: Scroll            |       |     3 ||     3
 Stab: Sleeping          |     7 |     1 ||     8
       Distracted        |       |     1 ||     1
Armor: Robe              |    28 |    33 ||    61
Dodge: Dodged            |   101 |   105 ||   206
